 Dungeon Crawl Stone Soup version 0.23-a0-175-g97aacdb306 (webtiles) character file.

8 Holzbalken the Cudgeler (level 2, -2/22 HPs)
             Began as a Demonspawn Gladiator on Sept 16, 2018.
             Slain by an adder (3 damage)
             ... on level 2 of the Dungeon.
             The game lasted 00:01:03 (235 turns).

Holzbalken the Cudgeler (Demonspawn Gladiator)       Turns: 235, Time: 00:01:04

Health: -2/22      AC:  3    Str: 14    XL:     2   Next: 0%
Magic:  2/2        EV: 12    Int:  9    God:
Gold:   0          SH:  0    Dex: 14    Spells: 1/1 levels left

rFire    . . .     SeeInvis .   a - +0 flail
rCold    . . .     Gourm    .   (no shield)
rNeg     . . .     Faith    .   b - +0 leather armour
rPois    .         Spirit   .   (helmet restricted)
rElec    .         Reflect  .   (no cloak)
rCorr    .         Harm     .   (no gloves)
MR       .....                  (no boots)
Stlth    +.........             (no amulet)
HPRegen  0.07/turn              (no ring)
MPRegen  0.08/turn              (no ring)

@: no status effects
A: antennae 1
a: no special abilities


You were on level 2 of the Dungeon.
You were not hungry.

You visited 1 branch of the dungeon, and saw 2 of its levels.

Inventory:

Hand Weapons
 a - a +0 flail (weapon)
Missiles
 d - 3 throwing nets (quivered)
Armour
 b - a +0 leather armour (worn)
 c - a +0 helmet
Scrolls
 h - a scroll of fog {unknown}
Potions
 e - a potion of heal wounds {unknown}
 i - 2 potions of flight {unknown}
Comestibles
 f - a ration
 g - 6 chunks of flesh


   Skills:
 - Level 2.0 Fighting
 + Level 3.2 Maces & Flails
 - Level 1.7 Throwing
 - Level 2.6 Dodging


You had one spell level left.
You didn't know any spells.
Your spell library was empty.

Dungeon Overview and Level Annotations

Branches:
Dungeon (2/15)

Altars:


Innate Abilities, Weirdness & Mutations

You have a pair of small antennae on your head.


Message History

The kobold misses you. The adder misses you. The kobold barely misses you.
The adder misses you. The kobold barely misses you. x2
A kobold comes into view. It is wielding a dagger.
The adder bites you. The kobold hits you.
* * * LOW HITPOINT WARNING * * *
The kobold barely misses you. The adder misses you. The kobold hits you.
* * * LOW HITPOINT WARNING * * *
The kobold closely misses you. The adder barely misses you.
The adder bites you but does no damage. The kobold hits you but does no damage.
The kobold closely misses you. The adder completely misses you.
The kobold barely misses you. The kobold misses you. The adder bites you.
* * * LOW HITPOINT WARNING * * *
The kobold hits you.
* * * LOW HITPOINT WARNING * * *
The kobold closely misses you. The goblin hits you but does no damage.
The adder bites you but does no damage. The adder bites you.
You die...

###### ##.(..
'#######+#######+##..###
........K..............#
.......g@...........##.#
........SK..........##.#
'#######'#######+#####.#
#... #.# #..... #.#
#...... #.# #....... #.#
....... #.# #.#


You could see an adder, a goblin and 2 kobolds.

Vanquished Creatures
  A bat (D:1)
  A giant cockroach (D:1)
  A hobgoblin (D:1)
  A kobold (D:1)
  A frilled lizard (D:1)
  3 rats (D:1)
8 creatures vanquished.

Notes
Turn   | Place    | Note
-------+----------+-------------------------------------------
     0 | D:1      | Holzbalken the Demonspawn Gladiator began the quest for the
                  | Orb.
     0 | D:1      | Reached XP level 1. HP: 16/16 MP: 1/1
    66 | D:1      | Reached skill level 3 in Maces & Flails
   116 | D:1      | Gained mutation: You have a pair of small antennae on your
                  | head. [demonic ancestry]
   116 | D:1      | Reached XP level 2. HP: 15/22 MP: 2/2
   234 | D:2      | HP: 1/22 [kobold (3)]
   235 | D:2      | Slain by an adder

Vault maps used:
D:1:      evilmike_arrival_home_sweet_home
D:2:      kennysheep_six_static_rooms

Skill      XL: |  1 |
---------------+----+-----
Maces & Flails | 3 |  3.2
Fighting       | |  2.0
Throwing       | |  1.7
Dodging        | |  2.6

Action                   || total
-------------------------++-------
Melee: Flail             ||    18
Armor: Leather armour    ||    13
Dodge: Dodged            ||    28

Table legend:
 A = Non-vault XP
 B = Vault XP
 C = Vault XP percentage of total XP
 D = Non-vault monster count
 E = Vault monster count
 F = Vault count percentage of total count
                 A         B        C        D         E       F
            +---------+---------+-------+---------+---------+-------
      Total |      12 |       0 |   0.0 |       8 |       0 |   0.0
            +---------+---------+-------+---------+---------+-------
        D:1 |      12 |       0 |   0.0 |       8 |       0 |   0.0
            +---------+---------+-------+---------+---------+-------
